 Dungeon Crawl Stone Soup version 0.26.0-10-g1f06aea511 (webtiles) character file.

Game seed: 1523776887212997560

8 sanka the Firebug (level 2, 0/28 HPs)
             Began as a Formicid Fire Elementalist on Jan 16, 2021.
             Succumbed to a goblin's poison
             ... on level 1 of the Dungeon.
             The game lasted 00:01:04 (244 turns).

sanka the Firebug (Formicid Fire Elementalist)       Turns: 244, Time: 00:01:05

Health: 0/28       AC: 21    Str: 12    XL:     2   Next: 15%
Magic:  2/5        EV:  2    Int: 14    God:
Gold:   0          SH:  0    Dex: 11    Spells: 4/5 levels left

rFire    . . .     SeeInvis .   c - +0 mace (protect)
rCold    . . .     Faith    .   (no shield)
rNeg     + + +     Spirit   .   (armour currently unavailable)
rPois    +         Reflect  .   (helmet unavailable)
rElec    .         Harm     .   (cloak currently unavailable)
rCorr    .         Rampage  .   (gloves currently unavailable)
Will     .....                  (boots currently unavailable)
Stlth    ++........             (no amulet)
HPRegen  0.09/turn              (no ring)
MPRegen  0.09/turn              (no ring)

@: lethally poisoned (0 -> -3), tree-form
A: permanent stasis, dig shafts and tunnels, four strong arms
a: no special abilities


You were on level 1 of the Dungeon.
You were a tree.
You visited 1 branch of the dungeon, and saw 1 of its levels.


Innate Abilities, Weirdness & Mutations

You cannot be hasted, slowed, berserked, paralysed or teleported.
You can dig through walls and to a lower floor.
Your four strong arms can wield two-handed weapons with a shield.
((You have a pair of large antennae on your head. (SInv)))


   Skills:
 - Level 1.7 Dodging
 - Level 2.4 Stealth
 - Level 2.1 Spellcasting
 + Level 1.4 Conjurations
 + Level 3.3 Fire Magic


You had 4 spell levels left.
You knew the following spells:

 Your Spells              Type           Power        Failure   Level
z - Foxfire               Conj/Fire      32%          9%          1

Your spell library contained the following spells:

 Spells                   Type           Power        Failure   Level
 Conjure Flame            Conj/Fire      8%           26%         3
 Inner Flame              Hex/Fire       6%           34%         3
 Sticky Flame             Conj/Fire      8%           65%         4
 Fireball                 Conj/Fire      4%           94%         5

Inventory:

Hand Weapons
 b - a +0 dagger
 c - a +0 mace of protection (weapon)
Armour
 a - a +0 robe (melded)

Dungeon Overview and Level Annotations

Branches:
Dungeon (1/15)

Altars:

{
▒▒▒▒▒▒▒▒▒▒▒▒
▒..........▒
▒..........▒
▒..........▒
▒.........♣▒
▒..........▒
▒..........▒
▒▒▒▒▒▒(▒▒▒▒▒
▒..........▒
▒..........▒
▒..........▒
▒.....†....▒
▒..........▒


There were no monsters in sight!


Message History

You feel sick.
The foxfire hits the dart slug.
The dart slug is moderately wounded.
The foxfire hits the dart slug.
The dart slug is severely wounded.
You conjure some foxfire!
* * * LOW HITPOINT WARNING * * *
You feel sick.
Unknown command.
The foxfire hits the dart slug.
You kill the dart slug!
You have reached level 2!
Unknown command.
You aren't carrying any potions.
Unknown command.
* * * LOW HITPOINT WARNING * * *
You feel sick.
Your foxfire dissipates!
* * * LOW HITPOINT WARNING * * *
You feel sick.
You see here 18 poisoned darts.
* * * LOW HITPOINT WARNING * * *
You feel sick.
You see here a grey potion.
d - a grey potion It was a potion of lignification.
You turn into a tree.
Your roots penetrate the ground.
There is a lethal amount of poison in your body!
You die...

Action                   || total
-------------------------++-------
Melee: Unarmed           ||     7
       Mace              ||     2
 Cast: Foxfire           ||     6
  Use: Potion            ||     1
Dodge: Dodged            ||     3

Levels and vault maps discovered:
D:1:      amcnicky_arrival_gap_in_the_tavern_cellar, layout_rooms, minmay_vboxes

Notes
Turn   | Place    | Note
-------+----------+-------------------------------------------
     0 | D:1      | sanka the Formicid Fire Elementalist began the quest for
                  | the Orb.
     0 | D:1      | Reached XP level 1. HP: 13/13 MP: 3/3
    22 | D:1      | Reached skill level 1 in Conjurations
   234 | D:1      | Reached XP level 2. HP: 3/19 MP: 1/5
   237 | D:1      | HP: 1/19 [poisoned by a goblin]
   244 | D:1      | Succumbed to a goblin's poison

Vanquished Creatures
  A dart slug (D:1)
  3 goblins (D:1)
  A hobgoblin (D:1)
  A kobold (D:1)
6 creatures vanquished.

Vanquished Creatures (others)
  11 foxfires (D:1)
11 creatures vanquished.

Grand Total: 17 creatures vanquished

Table legend: (Time is in decaauts)
 A = Elapsed time spent in this place.
 B = Non-inter-level travel time spent in this place.
 C = Inter-level travel time spent in this place.
 D = Time resting spent in this place.
 E = Time spent auto-exploring this place.
 F = Levels seen in this place.
 G = Mean time per level.
                   A        B        C        D        E       F      G
               +--------+--------+--------+--------+--------+-----+--------+
         Total |    247 |    247 |      0 |    136 |     16 |   1 |  247.0 |
       Dungeon |    247 |    247 |      0 |    136 |     16 |   1 |  247.0 |
               +--------+--------+--------+--------+--------+-----+--------+

Top non-repeatable levels by time:
     D:1: 247 daAuts
